 Dungeon Crawl Stone Soup version 0.27-a0-1312-g5cdb2b3542 (webtiles) character file.

Game seed: 9918063112090435970

1672 bande the Chopper (level 8, -3/71 HPs)
             Began as a Palentonga Fighter on June 16, 2021.
             Was a Follower of Okawaru.
             Killed from afar by an electric eel (9 damage)
             ... with a bolt of electricity
             ... on level 6 of the Dungeon on June 20, 2021.
             The game lasted 00:14:14 (10104 turns).

bande the Chopper (Palentonga Fighter)             Turns: 10104, Time: 00:14:15

Health: -3/71      AC: 24    Str: 21    XL:     8   Next: 70%
Magic:  9/9        EV:  4    Int:  9    God:    Okawaru [*.....]
Gold:   244        SH:  9    Dex: 10    Spells: 6/7 levels left

rFire    + . .     SeeInvis +   a - +0 war axe
rCold    . . .     Faith    .   c - +0 kite shield
rNeg     . . .     Spirit   .   u - +0 chain mail
rPois    .         Reflect  .   s - +0 helmet
rElec    .         Harm     .   x - +2 cloak
rCorr    .         Rampage  .   (no gloves)
Will     .....                  (no barding)
Stlth    ..........             (no amulet)
HPRegen  0.21/turn              b - +4 ring of protection
MPRegen  0.11/turn              f - ring of protection from fire

@: curled up
A: large, rugged brown scales 3, see invisible, deformed body, roll 1, armoured
tail, reflexive curl, robust 1
a: Rolling Charge, Renounce Religion, Heroism


You were on level 6 of the Dungeon.
You worshipped Okawaru.
Okawaru was aware of your devotion.
You visited 2 branches of the dungeon, and saw 7 of its levels.
You also visited: Sewer.

You collected 244 gold pieces.

Inventory:

Hand Weapons
 a - a +0 war axe (weapon)
 i - a +0 flail
 w - a +0 flail
Missiles
 q - 2 throwing nets
Armour
 c - a +0 kite shield (worn)
 j - a +0 pair of boots
 s - a +0 helmet (worn)
 u - a +0 chain mail (worn)
 x - a +2 cloak (worn)
Jewellery
 b - a +4 ring of protection (left hand)
 f - a ring of protection from fire (right hand)
Wands
 k - a wand of mindburst (13)
Scrolls
 e - 2 scrolls of teleportation
 n - 3 scrolls of identify
 o - 5 scrolls of fog
 p - a scroll of magic mapping
 r - a scroll of fear
 t - a scroll of amnesia
 v - 3 scrolls of acquirement {unknown}
 y - a scroll of blinking {unknown}
Potions
 d - 4 potions of might
 g - 3 potions of haste
 h - 4 potions of curing
 l - a potion of invisibility
 m - a potion of heal wounds


   Skills:
 + Level 4.5 Fighting
 + Level 5.5 Axes
 + Level 4.8 Armour
 - Level 1.5 Dodging
 - Level 0.3 Stealth
 + Level 4.4 Shields
 * Level 4.2 Translocations
 * Level 2.2 Invocations
 * Level 1.6 Evocations


You had 6 spell levels left.
You knew the following spells:

 Your Spells              Type           Power      Damage    Failure   Level
a - Apportation           Tloc           14%        N/A       86%         1

Your spell library contained the following spells:

 Spells                   Type           Power      Damage    Failure   Level
 Animate Skeleton         Necr           0%         N/A       100%        1
 Corona                   Hex            0%         N/A       100%        1
 Summon Small Mammal      Summ           0%         N/A       100%        1


Dungeon Overview and Level Annotations

Branches:
Dungeon (6/15)             Temple (1/1) D:4           Sewer (visited)

Altars:
Ashenzari
Dithmenos
Fedhas
Gozag
Hepliaklqana
Kikubaaqudgha
Makhleb
Nemelex Xobeh
Okawaru
Qazlal
Sif Muna
Uskayaw
Wu Jian
Yredelemnul
The Shining One

Shops:
D:5 *


Innate Abilities, Weirdness & Mutations

You are completely covered in rugged brown scales. (AC +3, +7% HP)
You have supernaturally acute eyesight. (SInv)
Armour fits poorly on your strangely shaped body.
You can roll at nearby foes to attack.
You have a long armoured tail.
You curl defensively after being hit.
You are robust. (+10% HP)


Message History

The bolt of electricity hits the plant!
The plant begins to die.
The bolt of electricity hits the gnoll!
The gnoll dies!
The bolt of electricity hits you but does no damage.
The gnoll hits you but does no damage. x2
You block the gnoll sergeant's attack.
The electric eel shoots out a bolt of lightning at you!
The bolt of electricity hits the plant!
The bolt of electricity hits you.
You slash the gnoll sergeant!
The gnoll sergeant is almost dead.
You hit the gnoll but do no damage. You block the gnoll's attack. x2
The gnoll sergeant hits you but does no damage.
You block the gnoll's attack.
Unknown command.
You slash the gnoll sergeant!
You kill the gnoll sergeant!
Okawaru accepts your kill.
You hit the gnoll but do no damage. The gnoll barely misses you.
The electric eel shoots out a bolt of lightning at you!
The bolt of electricity hits the plant!
The bolt of electricity hits you!
The gnoll hits you but does no damage. x2
The gnoll hits you with a +0 spear.
You hit the gnoll. You tail-slap the gnoll.
The gnoll is heavily wounded.
A nearby plant withers and dies.
The electric eel shoots out a bolt of lightning at you!
The bolt of electricity hits you!
* * * LOW HITPOINT WARNING * * *
You block the gnoll's attack.
You hit the gnoll. You tail-slap the gnoll.
You kill the gnoll!
Okawaru accepts your kill.
The electric eel shoots out a bolt of lightning at you!
The bolt of electricity hits you!
* * * LOW HITPOINT WARNING * * *
You see here a +0 spear.
You block the gnoll's attack.
The electric eel shoots out a bolt of lightning at you!
The bolt of electricity hits you!
You die...

########### #..#
#.........# #.##
#.........# #.# #.........#
#.###
#.........########...#####
#..........................
#.........######...(...####
#......)).# ##.......#
#..>....†.# #)@g.....#
#.........# ##.#........
#.........# ##...)........
######...## #..#))>....###
###.# #.##.|.....##
###.####.###...≈.;.P
#....##..# #.#≈.≈#.
#....#..#####P.≈.≈..
#............P.≈.≈.P#


You could see an electric eel and a gnoll.

Vanquished Creatures
  2 black bears (D:5)
  3 ogres
  A necrophage (D:5)
  A centaur (D:5)
  A phantom (D:6)
  A gnoll sergeant (D:6)
  A scorpion (D:5)
  3 water moccasin zombies
  2 hounds (D:5)
  An orc priest (D:5)
  A centaur skeleton (D:3)
  A jelly (D:6)
  2 iguanas
  3 gnoll shamans
  2 orc wizards (D:3)
  16 gnolls
  9 adders
  A river rat (D:4)
  A shadow imp (D:5)
  2 ufetubi
  An adder skeleton (D:5)
  A worm (D:4)
  4 dart slugs (D:1)
  11 orcs
  3 endoplasms
  8 giant cockroaches
  4 goblins
  5 hobgoblins
  14 jackals
  2 quokkas (D:4)
  10 ball pythons
  5 bats
  5 frilled lizards
  12 kobolds
  10 rats
149 creatures vanquished.

Vanquished Creatures (others)
  2 gnolls (D:6)
  25 plants
27 creatures vanquished.

Grand Total: 176 creatures vanquished

Notes
Turn   | Place    | Note
-------+----------+-------------------------------------------
     0 | D:1      | bande the Palentonga Fighter began the quest for the Orb.
     0 | D:1      | Reached XP level 1. HP: 19/19 MP: 1/1
    25 | D:1      | Reached XP level 2. HP: 15/25 MP: 2/2
   167 | D:1      | Reached XP level 3. HP: 27/31 MP: 3/3
   253 | D:1      | Learned a level 1 spell: Apportation
   284 | D:1      | Found a faded altar of an unknown god.
  1064 | D:2      | Reached skill level 1 in Translocations
  1198 | D:2      | Reached XP level 4. HP: 37/37 MP: 4/4
  1650 | D:3      | Found a burning altar of Makhleb.
  1650 | D:3      | Found a glowing golden altar of the Shining One.
  1650 | D:3      | Found a hazy altar of Hepliaklqana.
  1759 | D:3      | Reached skill level 3 in Axes
  1759 | D:3      | Reached XP level 5. HP: 24/43 MP: 5/5
  2441 | D:3      | Reached XP level 6. HP: 46/51 MP: 6/6
  2850 | D:3      | Found a shimmering blue altar of Sif Muna.
  2971 | D:4      | Found a glowing drain.
  3009 | Sewer    | Entered a sewer
  3898 | D:4      | Reached skill level 4 in Axes
  3898 | D:4      | Reached skill level 1 in Dodging
  3903 | D:4      | Upgraded the game from 0.27-a0-1299-g1ab19c6527 to
                  | 0.27-a0-1308-gc08437e49b
  3903 | D:4      | Upgraded the game from 0.27-a0-1308-gc08437e49b to
                  | 0.27-a0-1312-g5cdb2b3542
  4657 | D:4      | Found a staircase to the Ecumenical Temple.
  4667 | Temple   | Entered the Ecumenical Temple
  4700 | Temple   | Became a worshipper of Warmaster Okawaru
  4875 | D:5      | Entered Level 5 of the Dungeon
  4897 | D:5      | Gained mutation: You curl defensively after being hit.
                  | [Palentonga growth]
  4897 | D:5      | Reached XP level 7. HP: 23/56 MP: 7/7
  5478 | D:5      | Gained mutation: You are robust. (+10% HP) [potion of
                  | mutation]
  5627 | D:5      | Reached * piety under Okawaru
  5703 | D:5      | Found a basalt altar of Yredelemnul.
  7682 | D:5      | Reached XP level 8. HP: 70/70 MP: 8/8
  7924 | D:5      | Reached skill level 5 in Axes
  8072 | D:5      | Found a blossoming altar of Fedhas.
  8189 | D:5      | Found Ufoox's Neck Hole.
  8209 | D:5      | Reached skill level 1 in Invocations
  8678 | D:5      | Reached skill level 1 in Evocations
 10104 | D:6      | Killed from afar by an electric eel

Illustrated notes

Levels and vault maps discovered:
D:1:      shiori_arrival_maze, layout_loops_ring,
          chequers_ecumenical_altar_simple_redux, minmay_misc_feat_pillars
D:2:      layout_basic
D:3:      layout_basic, minitemple, grunt_decor_clamped, minmay_circle_x
D:4:      layout_loops_ring, minmay_temple_entry_poolview,
          cheibrodos_sewer_entry_sluice, chequers_serial_rivers_micro_d
D:5:      wad_crossroads, layout_basic, kennysheep_mini, fedhas_altar_1,
          hangedman_decor_growths, grunt_ministairs_1, minivault_1,
          kennysheep_big_empty_room, nicolae_shop_sticking_my_neck_out
D:6:      layout_rooms, nicolae_elyvilon_temple_path
Temple:   nicolae_temple_great_sept

Skill      XL: |  1  2  3  4  5  6  7  8 |
---------------+-------------------------+-----
Shields        | 3 4 |  4.4
Translocations | 1 2 3 4 |  4.2
Axes           | 3 4 5 |  5.5
Armour         | 3 4 |  4.8
Dodging        | 1 |  1.5
Fighting       | 4 |  4.5
Invocations    | 2 |  2.2
Evocations     | 1 |  1.6
Stealth        | |  0.3

Action                   |  1- 3 |  4- 6 |  7- 9 || total
-------------------------+-------+-------+-------++-------
Melee: War axe           |    76 |   233 |   201 ||   510
       Tailslap          |     6 |    30 |    24 ||    60
  Use: Scroll            |     3 |     6 |       ||     9
       Potion            |       |       |     8 ||     8
Armor: Scale mail        |    38 |   130 |    98 ||   266
       Chain mail        |       |       |   101 ||   101
Dodge: Dodged            |    27 |    61 |    93 ||   181
Block: Kite shield       |    44 |   155 |   183 ||   382

Table legend: (Time is in decaauts)
 A = Elapsed time spent in this place.
 B = Non-inter-level travel time spent in this place.
 C = Inter-level travel time spent in this place.
 D = Time resting spent in this place.
 E = Time spent auto-exploring this place.
 F = Levels seen in this place.
 G = Mean time per level.
                   A        B        C        D        E       F      G
               +--------+--------+--------+--------+--------+-----+--------+
         Total |  10471 |  10351 |    120 |   3985 |   4827 |   8 | 1308.9 |
       Dungeon |   9410 |   9290 |    120 |   3819 |   4076 |   6 | 1568.3 |
        Temple |     46 |     46 |      0 |      0 |     29 |   1 |   46.0 |
         Sewer |   1014 |   1014 |      0 |    166 |    722 |   1 | 1014.0 |
               +--------+--------+--------+--------+--------+-----+--------+

Top non-repeatable levels by time:
     D:4: 3211 daAuts
     D:5: 2285 daAuts
     D:3: 1353 daAuts
   Sewer: 1014 daAuts
     D:1: 909 daAuts
     D:6: 867 daAuts
     D:2: 783 daAuts
  Temple: 46 daAuts
